Map: [ESL] Site Delta

Players

Clem - Winner!

  • Race: Terran Terran
  • Spawn Location: 11:00

BattleB

  • Race: Terran Terran
  • Spawn Location: 5:00

Event: ESL SC2 Masters 2024 Spring (Regional)

VOD

Have the link to the VOD?

Description

Time

  • Played on: April 12, 2024, 10:33 a.m.
  • Length: 27:09

All games in this series

Show
View Real Time Build Order
Export as new Build Order

Clem Terran - Winner!

Build Orders: Cyclone Opening, Reaper Expand 

Get SALT Encoding   

  12  0:00  SCV  
  13  0:12  SCV  
  14  0:16  Supply Depot  
  14  0:24  SCV  
  15  0:38  SCV  
  15  0:40  Barracks  
  16  0:42  Refinery  
  16  0:50  SCV  
  17  1:02  SCV  
  18  1:14  SCV  
  19  1:26  Reaper  
  19  1:27  Orbital Command  
  20  1:41  Command Center  
  20  1:49  Supply Depot  
  20  1:52  SCV  
  21  1:58  Marine  
  22  2:04  SCV  
  22  2:08  Factory  
  23  2:16  SCV, Marine  
  23  2:20  Refinery  
  25  2:23  Bunker  
  25  2:28  SCV  
  26  2:34  Marine  
  27  2:40  SCV  
  28  2:52  Orbital Command  
  28  2:53  SCV  
  28  2:54  Cyclone  
  28  2:56  Barracks Reactor  
  31  3:01  Starport  
  31  3:05  SCV  
  32  3:11  Refinery  
  32  3:17  SCV  
  32  3:18  SCV  
  34  3:26  Factory Tech Lab  
  34  3:29  SCV  
  34  3:30  SCV  
  34  3:33  Marine x2  
  38  3:38  Starport Tech Lab  
  38  3:40  Supply Depot  
  38  3:41  SCV  
  38  3:42  SCV  
  38  3:44  Siege Tank  
  43  3:53  SCV  
  43  3:54  SCV  
  45  3:58  Interference Matrix  
  45  4:02  Raven  
  47  4:05  SCV  
  47  4:06  SCV  
  47  4:09  Command Center  
  49  4:13  Supply Depot  
  49  4:17  Siege Tank  
  52  4:19  SCV  
  52  4:21  SCV  
  54  4:34  SCV x2, Marine x2  
  54  4:36  Raven  
  54  4:37  Barracks  
  60  4:40  Barracks  
  60  4:45  Supply Depot  
  60  4:47  SCV x2  
  62  4:55  Factory Reactor  
  62  5:05  Engineering Bay x2  
  62  5:06  Refinery  
  64  5:07  SCV x2, Supply Depot  
  64  5:10  Raven  
  64  5:12  Stimpack  
  64  5:13  Marine  
  67  5:19  SCV x2  
  69  5:22  Orbital Command  
  69  5:30  Marine  
  69  5:31  SCV x2  
  69  5:33  Terran Infantry Weapons Level 1, Terran Infantry Armor Level 1  
  72  5:42  Barracks  
  72  5:43  Barracks  
  72  5:48  Marine x2  
  74  5:50  Orbital Command  
  74  5:51  SCV x2, Marine x2  
  74  5:52  Marine  
  74  5:57  Starport Reactor, Siege Tank  
  81  6:01  Supply Depot  
  81  6:03  SCV x2  
  83  6:06  Marine x2  
  83  6:09  Supply Depot  
  85  6:14  Marine, Missile Turret  
  85  6:15  SCV x2, Missile Turret  
  85  6:16  SCV, Marine  
  85  6:18  Marine  
  91  6:24  Marine x2  
  93  6:27  SCV  
  93  6:28  SCV x2  
  93  6:30  Siege Tank  
  93  6:31  Barracks Reactor  
  93  6:32  Barracks Reactor, Supply Depot, Marine  
  100  6:39  SCV, Medivac x2, Supply Depot  
  105  6:40  SCV  
  105  6:41  SCV  
  105  6:44  Marine  
  105  6:45  Supply Depot, Marine  
  109  6:53  Marine x2  
  109  6:54  SCV x2, Armory  
  113  6:57  SCV  
  113  6:58  Combat Shield  
  113  7:01  Refinery x2  
  114  7:03  Marine  
  114  7:04  Marine  
  114  7:05  Supply Depot x2  
  114  7:08  Siege Tank, Marine  
  119  7:10  Marine  
  119  7:11  Marine x2  
  119  7:12  SCV  
  119  7:14  Marine  
  119  7:15  Marine  
  126  7:17  Supply Depot  
  126  7:18  SCV  
  126  7:19  Marine  
  126  7:22  Medivac x2  
  131  7:27  Factory  
  131  7:29  Supply Depot, Marine x2  
  132  7:32  SCV  
  132  7:33  SCV  
  132  7:34  SCV  
  135  7:38  Sensor Tower  
  135  7:39  Marine  
  135  7:40  Marine x4  
  135  7:42  Marine  
  140  7:45  Siege Tank  
  140  7:48  Terran Infantry Weapons Level 2  
  143  7:52  Marine  
  143  7:54  Marine x2  
  143  7:57  Terran Infantry Armor Level 2  
  146  8:02  Terran Vehicle Weapons Level 1  
  146  8:05  Command Center  
  146  8:07  Supply Depot  
  146  8:08  Marine  
  146  8:09  Marine x2  
  146  8:11  Marine  
  146  8:12  Marine  
  150  8:13  Marine  
  150  8:14  Marine  
  150  8:15  Marine  
  153  8:20  Siege Tank  
  153  8:21  Supply Depot  
  153  8:25  Siege Tank  
  153  8:26  Marine x2  
  160  8:29  Barracks Reactor, Supply Depot  
  160  8:31  Marine x2  
  160  8:33  Marine  
  162  8:34  Marine x2  
  162  8:35  Marine  
  164  8:43  Medivac, Marine, Viking  
  164  8:44  Marine  
  164  8:46  Supply Depot  
  170  8:49  Marine x2  
  170  8:51  Marine  
  170  8:52  Marine x3  
  170  8:53  Siege Tank  
  177  8:57  SCV x2, Supply Depot  
  177  8:59  Siege Tank  
  177  9:01  Marine  
  177  9:02  Marine  
  184  9:03  SCV, Supply Depot  
  184  9:06  Marine  
  184  9:07  Marine  
  184  9:08  Marine  
  184  9:09  SCV, Marine  
  189  9:10  Marine  
  189  9:12  Marine x3  
  191  9:19  Marine  
  191  9:20  SCV, Marine  
  191  9:21  Viking  
  191  9:22  Viking  
  196  9:24  Marine  
  196  9:25  Siege Tank  
  196  9:29  Marine  
  200  9:36  Marine  
  182  9:39  Siege Tank, Marine x2  
  182  9:40  Marine x3  
  182  9:43  Marine  
  182  9:44  Marine  
  182  9:45  Marine  
  156  9:47  Marine  
  156  9:48  Planetary Fortress  
  156  9:51  Viking  
  156  9:52  Viking  
  143  9:54  Marine  
  143  9:57  Siege Tank, Marine x3  
  143  9:58  SCV x3, Marine x2  
  151  10:01  Marine x2  
  151  10:02  Marine  
  151  10:04  Terran Vehicle Weapons Level 2  
  151  10:05  Marine  
  155  10:10  SCV x3  
  155  10:11  Siege Tank  
  155  10:12  Marine  
  162  10:14  Sensor Tower  
  162  10:15  Marine x2  
  162  10:17  Marine x2  
  162  10:18  Marine x2  
  162  10:19  Marine  
  169  10:21  Medivac  
  169  10:22  SCV  
  161  10:29  Medivac  
  161  10:30  Siege Tank, Marine  
  161  10:32  Marine x2  
  161  10:34  Marine x2  
  161  10:35  Marine  
  161  10:38  Marine x2  
  161  10:41  Marine  
  164  10:43  SCV, Siege Tank  
  164  10:44  SCV  
  164  10:45  SCV  
  164  10:48  SCV  
  160  10:50  Marine x2  
  160  10:51  Medivac  
  160  10:52  Marine x2  
  160  10:56  SCV  
  167  10:59  Marine x2  
  167  11:01  Viking  
  167  11:02  Marine  
  167  11:03  Siege Tank, Marine x3  
  178  11:07  SCV  
  178  11:08  Marine x2  
  178  11:10  Marine  
  182  11:15  Terran Infantry Weapons Level 3  
  182  11:18  Command Center  
  182  11:21  Terran Infantry Armor Level 3  
  182  11:26  Marine  
  182  11:31  Refinery x2  
  182  11:32  Viking  
  185  11:33  Siege Tank  
  185  11:35  Marine x2  
  185  11:36  SCV  
  185  11:37  SCV  
  185  11:38  Viking  
  190  11:42  SCV  
  174  11:50  Marine x2  
  174  11:52  Command Center  
  174  11:53  Siege Tank  
  177  12:02  Viking  
  177  12:05  Starport  
  177  12:08  Siege Tank  
  181  12:17  Starport, Marine x6  
  181  12:18  Marine  
  188  12:25  Siege Tank  
  188  12:26  Marine  
  192  12:32  Orbital Command  
  192  12:38  Viking  
  192  12:40  Siege Tank, Viking  
  192  12:43  Marine  
  183  12:44  Marine  
  183  12:45  Marine  
  183  12:49  Sensor Tower, Missile Turret  
  183  12:50  Marine x6  
  183  12:51  Marine  
  192  12:57  Siege Tank  
  195  13:00  Medivac  
  195  13:01  Marine  
  195  13:02  Marine x2  
  197  13:08  Marine  
  197  13:10  Marine x2  
  197  13:12  Siege Tank  
  197  13:16  Medivac  
  197  13:17  Marine x2  
  197  13:18  Marine x2  
  196  13:24  Marine  
  196  13:25  Marine  
  196  13:26  Marine x2  
  193  13:27  Viking  
  193  13:29  Siege Tank  
  193  13:33  SCV  
  195  13:36  SCV  
  195  13:37  SCV, Marine  
  195  13:38  Marine x2  
  200  13:42  Refinery  
  200  13:46  Planetary Fortress  
  200  13:47  Refinery  
  200  13:50  Starport Reactor, Starport Tech Lab  
  200  13:52  Terran Vehicle And Ship Armor Level 1  
  200  14:06  Command Center x2  
  197  14:12  Siege Tank  
  197  14:13  Viking x2  
  197  14:15  Siege Tank, Marine  
  197  14:16  Marine  
  186  14:17  Marine  
  186  14:19  Marine  
  186  14:24  Marine  
  187  14:27  Marine  
  187  14:30  Missile Turret  
  188  14:36  Sensor Tower  
  188  14:39  Marine  
  188  14:40  Marine x6  
  188  14:43  Viking  
  188  14:45  Siege Tank, Marine  
  189  14:47  Siege Tank  
  189  14:50  Marine, Viking  
  176  14:53  Marine  
  176  14:57  Marine  
  178  15:08  Command Center, Viking  
  178  15:09  Viking  
  181  15:17  Hellbat  
  181  15:18  Starport  
  181  15:20  Armory  
  183  15:24  Siege Tank  
  183  15:26  Marine x2  
  183  15:27  Marine x2  
  183  15:29  Marine x2  
  183  15:30  Marine  
  183  15:34  Marine x2  
  167  15:38  Marine  
  167  15:40  Liberator  
  167  15:41  Siege Tank  
  155  15:45  Marine  
  155  15:49  Marine x2  
  158  15:56  Siege Tank  
  153  15:58  Marine x2  
  153  15:59  Marine  
  153  16:00  Marine  
  153  16:02  SCV  
  153  16:04  Viking  
  156  16:06  Starport Tech Lab  
  156  16:07  Marine  
  156  16:08  SCV  
  156  16:09  Marine x2  
  159  16:11  Marine  
  159  16:12  SCV  
  159  16:13  Siege Tank  
  162  16:21  SCV x5  
  159  16:26  SCV  
  159  16:28  Siege Tank, Orbital Command  
  159  16:31  Marine  
  162  16:37  Refinery  
  162  16:40  Sensor Tower, Marine  
  162  16:41  Marine  
  162  16:45  Siege Tank, Raven  
  169  16:47  Terran Ship Weapons Level 1  
  169  17:00  Siege Tank  
  172  17:04  Planetary Fortress  
  172  17:08  Marine x3  
  175  17:11  Marine  
  175  17:12  Marine x2  
  175  17:15  Viking x2  
  181  17:17  Raven  
  181  17:18  Siege Tank  
  181  17:21  Raven  
  188  17:28  Missile Turret  
  188  17:32  Siege Tank  
  191  17:37  Missile Turret  
  191  17:44  Refinery x2  
  191  17:47  Liberator x2  
  191  17:50  Siege Tank  
  200  17:51  Terran Vehicle And Ship Armor Level 2  
  200  17:52  Fusion Core  
  200  18:03  Neosteel Armor, Missile Turret  
  200  18:04  Command Center  
  200  18:06  Hi-Sec Auto Tracking  
  197  18:16  Siege Tank  
  200  18:27  Command Center  
  200  18:28  Command Center  
  193  18:51  Raven x2  
  197  18:58  Starport  
  197  19:06  Command Center  
  197  19:07  Command Center  
  197  19:17  Missile Turret, Viking  
  197  19:20  Missile Turret  
  197  19:21  Missile Turret  
  195  19:25  Raven x2  
  195  19:27  Siege Tank  
  199  19:33  Refinery  
  199  19:51  Missile Turret  
  199  19:52  Missile Turret  
  199  19:56  Missile Turret x2  
  199  19:59  Terran Ship Weapons Level 2, Refinery  
  196  20:01  Missile Turret  
  196  20:02  Refinery, Missile Turret  
  196  20:10  Advanced Ballistics  
  196  20:11  Planetary Fortress  
  196  20:20  Raven  
  200  20:21  Raven  
  200  20:22  Missile Turret  
  200  20:30  Orbital Command  
  200  20:39  Starport  
  200  20:42  Starport Tech Lab  
  195  20:56  Terran Vehicle And Ship Armor Level 3  
  195  21:07  Command Center  
  195  21:20  Refinery  
  195  21:22  Caduceus Reactor, Sensor Tower, Raven x2  
  195  21:23  Missile Turret  
  199  21:31  Planetary Fortress  
  199  21:35  Starport Tech Lab  
  199  21:37  Starport Reactor  
  196  21:41  Missile Turret  
  196  21:43  Missile Turret  
  196  21:44  Viking  
  198  21:48  Missile Turret  
  198  21:49  Viking  
  200  22:03  Command Center  
  200  22:06  Refinery, Missile Turret  
  200  22:10  Planetary Fortress  
  200  22:19  Weapon Refit  
  200  22:35  Terran Ship Weapons Level 3  
  200  22:48  Siege Tank  
  200  22:55  Siege Tank, Marine  
  197  22:58  Marine  
  197  22:59  Marine  
  197  23:01  Marine  
  194  23:12  Raven, Viking x2  
  182  23:20  Siege Tank  
  182  23:21  Command Center  
  185  23:30  Siege Tank, Viking x2  
  185  23:31  Orbital Command  
  192  23:39  Viking  
  192  23:40  Viking  
  196  23:46  Marine x6  
  197  24:18  Siege Tank  
  197  24:22  Siege Tank, Raven, Marine  
  187  24:26  Marine  
  187  24:27  Liberator, Marine x6  
  187  24:28  Marine  
  187  24:30  Marine  
  166  24:34  Liberator x2  
  166  24:35  Liberator x3  
  172  24:38  Planetary Fortress  
  172  24:40  Marine  
  172  24:44  Marine  
  172  24:45  Marine x6  
  175  24:46  Marine  
  175  24:47  Marine  
  175  24:49  Orbital Command  
  175  24:50  Siege Tank  
  185  24:54  Siege Tank  
  185  24:58  Marine  
  190  25:01  Marine  
  190  25:03  Marine x6  
  190  25:04  Marine  
  190  25:05  Marine  
  191  25:10  Liberator  
  191  25:14  Starport  
  191  25:15  Starport, Factory  
  191  25:16  Marine  
  191  25:19  Marine  
  191  25:21  Marine x6  
  194  25:22  Marine  
  194  25:23  Marine  
  195  25:34  Marine  
  195  25:35  Siege Tank x2  
  195  25:37  Marine  
  195  25:38  Marine  
  182  25:51  Marine x2  
  182  25:53  Marine x6  
  182  25:55  Liberator, Marine  
  182  25:56  Marine  
  153  25:58  Liberator x3  
  153  26:00  Liberator  
  164  26:07  Siege Tank x2  
  164  26:08  Marine  
  164  26:09  Marine  
  164  26:10  Marine  
  164  26:11  Marine x5  
  174  26:13  Marine  
  174  26:14  Marine  
  170  26:26  Marine x2  
  170  26:28  Marine x4  
  170  26:29  Marine x2  
  170  26:30  Marine  
  170  26:32  Factory Tech Lab, Marine  
  189  26:44  Marine x2  
  200  26:56  Command Center  
  198  27:01  Missile Turret  
Show
View Real Time Build Order
Export as new Build Order

BattleB Terran 

Build Orders: Cyclone Opening 

Get SALT Encoding   

  12  0:00  SCV  
  13  0:12  SCV  
  14  0:16  Supply Depot  
  14  0:24  SCV  
  15  0:38  SCV  
  15  0:40  Barracks  
  16  0:43  Refinery  
  16  0:50  SCV  
  16  0:52  Refinery  
  17  1:02  SCV  
  18  1:14  SCV  
  19  1:26  Reaper  
  19  1:27  Orbital Command  
  20  1:32  Supply Depot  
  20  1:44  Factory  
  20  1:52  SCV  
  21  1:58  Reaper  
  22  2:04  SCV  
  23  2:16  Command Center  
  23  2:18  SCV  
  24  2:28  Cyclone  
  26  2:30  SCV  
  26  2:31  Barracks Reactor  
  27  2:42  SCV  
  28  2:46  Supply Depot  
  28  2:54  SCV  
  29  3:00  Command Center  
  29  3:06  SCV  
  29  3:12  Starport  
  30  3:19  SCV  
  31  3:23  Factory Tech Lab  
  31  3:24  Marine x2  
  33  3:30  Orbital Command  
  33  3:32  SCV  
  34  3:40  Refinery  
  34  3:43  Siege Tank  
  34  3:45  SCV  
  34  3:48  Marine  
  39  3:49  Marine  
  39  3:52  Starport Tech Lab  
  40  3:57  SCV  
  40  3:58  SCV  
  42  4:07  Marine x2  
  42  4:09  SCV  
  45  4:10  SCV  
  45  4:12  Raven  
  45  4:16  Orbital Command  
  48  4:21  SCV  
  48  4:22  SCV  
  50  4:25  Siege Tank, Interference Matrix  
  50  4:30  Marine x2  
  55  4:33  SCV  
  55  4:34  SCV  
  55  4:35  Supply Depot  
  57  4:42  SCV  
  58  4:45  SCV  
  58  4:46  SCV  
  58  4:49  Raven  
  64  4:54  SCV  
  64  4:57  SCV  
  64  4:58  SCV, Supply Depot  
  65  5:05  Barracks, Marine  
  65  5:06  Stimpack  
  66  5:07  Factory Reactor  
  66  5:08  SCV  
  66  5:12  Barracks  
  66  5:13  SCV x2  
  69  5:17  Engineering Bay  
  69  5:18  Engineering Bay  
  69  5:22  Refinery  
  69  5:25  SCV, Raven  
  69  5:27  SCV, Orbital Command  
  72  5:34  Barracks, Marine  
  72  5:35  Barracks  
  73  5:39  SCV, Supply Depot  
  73  5:40  Supply Depot  
  73  5:41  SCV  
  75  5:45  Terran Infantry Weapons Level 1  
  75  5:46  Terran Infantry Armor Level 1  
  75  5:53  SCV x2  
  76  6:00  Marine  
  76  6:01  Marine x2  
  76  6:03  SCV  
  80  6:05  SCV, Marine x2  
  80  6:06  Supply Depot  
  80  6:07  SCV  
  80  6:09  Starport Reactor  
  84  6:13  Siege Tank  
  84  6:15  SCV  
  84  6:17  SCV  
  84  6:18  Marine  
  90  6:19  SCV  
  90  6:21  Marine x2  
  90  6:22  Barracks Reactor x2  
  90  6:25  Marine  
  94  6:27  SCV  
  94  6:28  Supply Depot  
  94  6:29  SCV  
  94  6:30  Marine  
  94  6:31  SCV  
  98  6:38  Refinery x2  
  98  6:39  SCV  
  99  6:40  Supply Depot  
  99  6:41  SCV, Supply Depot, Marine  
  99  6:42  Marine  
  99  6:43  SCV, Sensor Tower  
  99  6:45  Siege Tank  
  99  6:47  Marine  
  106  6:48  Marine  
  106  6:50  Combat Shield  
  106  6:51  SCV  
  106  6:53  SCV  
  110  6:55  Medivac  
  110  6:56  Medivac  
  110  6:58  Marine x2  
  110  6:59  Marine  
  117  7:02  SCV, Marine  
  117  7:03  SCV, Marine x2  
  117  7:04  Marine  
  117  7:05  SCV, Marine  
  124  7:10  Armory, Supply Depot  
  124  7:12  Supply Depot  
  124  7:13  Marine  
  125  7:16  Marine x2  
  125  7:21  Marine x2  
  129  7:23  Siege Tank, Marine, Missile Turret  
  129  7:28  Marine  
  133  7:32  Medivac x2, Marine  
  133  7:35  Marine x3  
  141  7:42  Command Center  
  141  7:44  Marine  
  141  7:45  Marine x2  
  141  7:46  Marine x2  
  144  7:52  Marine  
  144  7:53  Supply Depot, Marine x2  
  144  7:54  Supply Depot  
  148  8:02  Marine  
  149  8:09  Terran Infantry Weapons Level 2, Marine  
  149  8:10  Terran Infantry Armor Level 2  
  149  8:11  Terran Vehicle Weapons Level 1  
  149  8:14  Supply Depot, Marine x4, Viking x2  
  149  8:15  Siege Tank  
  149  8:18  Marine x2  
  163  8:20  Marine  
  163  8:27  Marine, Factory  
  163  8:32  Barracks Reactor, Supply Depot, Marine x2  
  165  8:34  Supply Depot  
  165  8:35  Marine x2  
  165  8:36  Marine  
  165  8:38  Marine x2  
  169  8:42  SCV x3  
  169  8:45  Marine  
  171  8:50  Marine x2  
  171  8:53  Marine x2, Viking  
  171  8:54  Siege Tank, Sensor Tower, Marine, Viking  
  183  8:57  SCV x2  
  183  9:00  SCV  
  183  9:03  Marine x2  
  183  9:04  Marine  
  183  9:08  Marine  
  184  9:10  SCV, Sensor Tower, Marine x2  
  184  9:14  Siege Tank, Marine  
  184  9:15  Marine  
  188  9:19  Marine x2  
  188  9:20  Marine  
  188  9:23  Planetary Fortress  
  189  9:24  Marine  
  189  9:26  Siege Tank  
  189  9:30  Marine x2  
  189  9:31  Viking x2  
  197  9:37  Marine x2  
  171  9:39  Marine  
  171  9:45  Marine  
  161  9:46  Marine  
  161  9:47  Marine x2  
  161  9:50  Marine x2  
  161  9:52  Marine  
  152  9:55  Marine  
  152  9:56  Siege Tank  
  151  10:00  SCV, Barracks  
  151  10:01  Barracks  
  151  10:05  Marine x6  
  151  10:06  Barracks  
  157  10:08  Marine x2  
  157  10:10  Siege Tank, Marine  
  157  10:12  Medivac x2, Marine  
  166  10:23  Marine x4  
  152  10:30  Marine x2  
  152  10:31  Siege Tank  
  151  10:36  Marine x2  
  151  10:37  Marine x2  
  151  10:41  Marine  
  151  10:42  Marine x2  
  155  10:43  Marine  
  155  10:45  Barracks  
  155  10:48  Barracks, Marine x2  
  155  10:49  Siege Tank  
  154  10:50  Viking x2  
  154  10:52  Marine  
  154  10:54  Marine  
  154  10:55  Marine x2  
  154  10:56  Marine  
  163  10:58  Marine  
  163  10:59  Command Center  
  163  11:00  Marine x3  
  163  11:03  SCV  
  167  11:05  Siege Tank  
  167  11:06  Marine x2  
  167  11:10  Marine  
  173  11:12  Marine  
  173  11:13  Terran Vehicle Weapons Level 2, Marine x3  
  173  11:14  Terran Infantry Weapons Level 3  
  177  11:21  Terran Infantry Armor Level 3  
  177  11:23  Sensor Tower, Marine x2  
  179  11:29  Siege Tank, Marine x2  
  184  11:34  Marine  
  184  11:36  Marine  
  182  11:40  Marine  
  182  11:43  Viking  
  182  11:44  Viking  
  182  11:45  Marine x2  
  182  11:46  Marine x3  
  176  11:50  Marine x2  
  176  11:51  Marine x2  
  176  11:54  Marine x3  
  181  12:01  Siege Tank  
  186  12:02  Marine x2  
  186  12:03  Marine  
  186  12:05  Siege Tank  
  189  12:08  Marine  
  189  12:10  Marine x3  
  189  12:11  Marine  
  189  12:13  Marine  
  189  12:14  Planetary Fortress  
  195  12:22  Marine x7  
  196  12:26  Marine  
  200  12:33  Sensor Tower  
  200  12:36  Medivac  
  197  12:41  Marine  
  197  12:42  Marine x2  
  197  12:43  Marine x4  
  168  12:45  Siege Tank x2  
  168  12:46  Marine  
  168  12:47  Marine x4  
  168  12:49  Marine  
  180  12:56  Medivac  
  182  12:59  Marine x2  
  182  13:00  Marine  
  182  13:01  Marine x3  
  182  13:04  Marine x2  
  182  13:05  Marine  
  182  13:06  Marine x3  
  182  13:07  Marine  
  182  13:09  Medivac  
  178  13:17  Siege Tank, Marine x2  
  178  13:18  Marine  
  178  13:19  Marine x3  
  186  13:21  Marine  
  186  13:22  Marine  
  186  13:23  Marine x4  
  186  13:26  Medivac, Siege Tank  
  192  13:28  SCV  
  192  13:33  Marine  
  192  13:35  Marine x2  
  192  13:36  Marine  
  192  13:37  Marine x2  
  192  13:39  Marine  
  192  13:40  Marine x2  
  200  13:58  Refinery  
  200  14:00  Sensor Tower, Command Center  
  197  14:11  Marine  
  197  14:15  Marine x4  
  182  14:19  Siege Tank  
  182  14:20  Medivac x2, Siege Tank  
  182  14:23  Marine  
  170  14:24  Marine  
  170  14:25  Marine x4  
  170  14:27  Marine x2  
  170  14:30  Terran Vehicle Weapons Level 3, Starport  
  174  14:31  Starport, Marine  
  174  14:33  Hi-Sec Auto Tracking, Neosteel Armor, Marine  
  174  14:37  SCV x4  
  174  14:38  SCV, Refinery x2  
  181  14:44  Marine  
  181  14:45  Marine x2  
  167  14:46  Marine x4  
  167  14:48  Marine x2  
  167  14:51  Marine x2  
  150  14:55  SCV x2  
  150  14:56  Marine  
  150  14:57  Marine  
  154  15:02  Marine  
  154  15:05  Siege Tank  
  154  15:06  Siege Tank, Marine  
  162  15:07  Marine x2  
  162  15:09  Marine  
  162  15:11  Starport Tech Lab x2  
  162  15:13  Marine  
  162  15:14  Marine x7  
  165  15:17  Viking  
  173  15:22  Viking  
  173  15:23  Marine  
  173  15:24  Marine  
  173  15:27  Marine x2  
  169  15:32  Marine x6  
  169  15:35  Marine x2  
  162  15:38  Marine  
  162  15:41  Marine  
  162  15:42  Marine  
  147  15:44  Marine  
  147  15:45  Marine  
  147  15:49  Marine  
  145  15:50  Marine x5  
  145  15:51  Raven x2  
  145  15:53  Medivac, Marine  
  155  15:57  Marine x2  
  155  15:59  Marine  
  155  16:00  Marine  
  155  16:02  Marine  
  155  16:03  Marine  
  158  16:05  Medivac  
  158  16:07  Marine x4  
  158  16:10  Marine  
  164  16:11  Siege Tank  
  164  16:14  Siege Tank  
  164  16:17  Marine x4  
  167  16:20  Marine  
  156  16:25  Marine x2  
  156  16:26  Marine x4  
  162  16:33  Raven x2  
  162  16:35  Medivac  
  162  16:36  Marine x2  
  162  16:38  Marine x2  
  172  16:42  Marine  
  172  16:43  Marine x3  
  176  16:50  Sensor Tower  
  176  16:52  SCV x2  
  176  16:53  Refinery, Marine  
  179  16:54  SCV  
  179  16:55  Refinery  
  179  17:00  Siege Tank  
  183  17:02  Siege Tank  
  183  17:04  SCV  
  183  17:05  SCV x2  
  183  17:07  Raven, Marine x3  
  194  17:10  SCV  
  194  17:14  Raven  
  197  17:17  Orbital Command  
  197  17:22  Medivac  
  199  17:31  Refinery  
  199  17:32  Sensor Tower  
  199  17:40  Refinery  
  199  17:41  Command Center  
  199  17:42  Refinery  
  199  17:46  Raven  
  199  17:54  Barracks Reactor x2, Missile Turret  
  199  17:55  Barracks Reactor  
  199  18:02  Command Center  
  199  18:05  Missile Turret x2  
  198  18:17  Raven  
  197  18:41  Viking x2  
  199  18:48  Raven  
  199  18:49  Marine  
  199  19:28  Siege Tank  
  197  19:38  Medivac x2  
  189  19:39  Raven x2  
  191  19:47  Planetary Fortress  
  191  19:59  Missile Turret  
  191  20:01  Missile Turret  
  191  20:02  Orbital Command  
  191  20:05  Siege Tank x2  
  191  20:06  Marine x3  
  200  20:31  Marine  
  200  20:32  Marine  
  199  20:41  Marine x4  
  195  20:50  Marine  
  195  20:51  Marine x4  
  195  20:52  Marine  
  199  21:02  Marine x3  
  200  21:07  Marine x2  
  200  21:10  Marine  
  200  21:14  Marine  
  198  21:31  Marine  
  199  22:05  Marine  
  199  22:06  Marine x2  
  199  22:07  Terran Vehicle And Ship Armor Level 1  
  198  22:29  Marine x16  
  182  22:33  Siege Tank x2  
  189  22:47  Marine x10  
  199  22:55  Marine  
  188  23:03  Marine x4  
  188  23:05  Raven x2  
  182  23:06  Medivac x2  
  182  23:10  Marine  
  182  23:11  Marine x2  
  182  23:12  Marine x2  
  174  23:13  Marine x3  
  174  23:16  Marine x4  
  174  23:17  Siege Tank x2  
  165  23:21  Marine x3  
  165  23:25  Marine  
  155  23:27  Marine  
  155  23:29  Marine x2  
  155  23:30  Marine x2  
  155  23:31  Marine x3  
  160  23:34  Marine x4  
  160  23:36  Medivac x2  
  160  23:38  Medivac, Marine  
  160  23:39  Marine x2  
  173  23:42  Medivac  
  173  23:43  Marine  
  173  23:45  Marine  
  173  23:46  Marine  
  173  23:47  Marine  
  173  23:48  Marine x2  
  179  23:49  Siege Tank, Marine x3  
  179  23:50  Siege Tank  
  179  23:52  Marine x4  
  192  23:56  Marine x3  
  192  24:00  Marine  
  195  24:03  Marine  
  195  24:04  Marine  
  195  24:05  Marine x2  
  195  24:06  Medivac, Marine x2  
  195  24:08  Medivac  
  196  24:10  Marine x4  
  196  24:14  Marine x2  
  176  24:18  Marine  
  176  24:21  Marine  
  176  24:22  Marine  
  176  24:23  Marine x3  
  155  24:25  Marine x4  
  155  24:27  Marine, Viking  
  155  24:28  Marine x3  
  155  24:30  Raven  
  135  24:32  Orbital Command, Marine x2  
  135  24:36  Marine  
  132  24:39  Marine  
  132  24:40  Marine x2  
  132  24:41  Marine x2  
  132  24:42  Marine  
  132  24:43  Marine x3  
  141  24:46  Marine x2  
  141  24:51  Marine  
  142  24:54  Marine  
  142  24:57  Marine  
  144  25:00  Marine  
  144  25:02  Orbital Command  
  144  25:04  SCV  
  143  25:09  Marine  
  143  25:14  Marine x2  
  145  25:23  Marine  
  145  25:27  Marine x4  
  147  25:31  Marine x2  
  144  25:36  SCV  
  144  25:41  SCV  
  137  25:43  Medivac  
  137  25:44  SCV  
  130  25:50  SCV  
  130  25:51  Marine  
  130  25:56  Marine x3  
  120  25:58  Marine  
  121  26:04  Medivac  
  121  26:07  Marine  
  112  26:14  Marine  
  112  26:15  Marine x4  
  101  26:18  Medivac  
  101  26:24  Medivac  
  105  26:28  SCV  
  105  26:30  Marine x2  
  108  26:33  Marine  
  109  26:43  Marine x3  
  109  26:46  Marine x2  
Tags
 
Add a new tag
Caveats
  • Supply blocks, unpowered buildings, or Contaminate may cause inaccurate times.
  • Supply counts are checked every 10 seconds.